AoeStats
← -.-D-.-i-.-E-.-k-.-Q-.-u-.-ÄsM-

Black Forest

505882728Analyzed
4v4 RM · 21d ago on Sep 11, 2026· 50m 24s· 8 players
Game mode
Random Map
Map size
Large (8 player)
Population
200
Speed
Normal
Resources
Standard
Victory
Conquest
Starting age
Dark Age
Ending age
Imperial Age
RankedLock teamsTeams togetherTeam positionsShared explorationLock speedFull tech treeHidden civsTurbo modeCheats
Victory
Defeat
🇮🇹 Goths · Italy
1156
+12
🇨🇳 Bohemians · China
1156
+12
🇨🇳 Romans · China
1111
+14
1105
+14
🇩🇪 Vietnamese · Germany
1215
-18
🇩🇪 Bohemians · Germany
1181
-17
🇦🇹 Spanish · Austria
1000
-33
🇩🇪 Armenians · Germany
907
-7
MyGO.Soyo
0:29 Loom
13:19 Feudal Age
15:33 Wheelbarrow
18:19 Castle Age
16:43 Double-Bit Axe
16:44 Horse Collar
19:19 Bow Saw
19:52 Heavy Plow
30:56 Hand Cart
36:14 Ballistas
41:02 Imperial Age
39:45 Gold Mining
39:45 Stone Mining
40:30 Caravan
41:01 Pikeman
41:42 Squires
41:33 Capped Ram
43:32 Chemistry
42:05 Heavy Scorpion
42:58 Halberdier
44:22 Ballistics
44:08 Siege Engineers
45:24 Conscription
45:37 Fortified Wall
45:20 Siege Ram
49:10 Gold Shaft Mining
成全
0:30 Loom
12:06 Feudal Age
17:07 Castle Age
15:23 Double-Bit Axe
16:00 Horse Collar
18:08 Bow Saw
18:13 Heavy Plow
20:59 Fervor
22:16 Wheelbarrow
22:36 Town Watch
24:37 Hand Cart
29:31 Imperial Age
28:31 Chemistry
27:54 Fletching
28:04 Padded Archer Armor
28:42 Ballistics
28:02 Treadmill Crane
28:32 Masonry
29:39 Caravan
29:22 Treadmill Crane
29:55 Town Patrol
29:51 Bodkin Arrow
30:11 Leather Archer Armor
29:57 Houfnice
30:15 Elite Skirmisher
32:10 Two-Man Saw
34:19 Bracer
34:49 Ring Archer Armor
40:06 Conscription
40:52 Siege Engineers
41:18 Architecture
42:50 Coinage
44:38 Wagenburg Tactics
45:58 Banking
48:24 Elite Hussite Wagon
-.-D-.-i-.-E-.-k-.-Q-.-u-.-ÄsM-
11:31 Feudal Age
12:37 Double-Bit Axe
16:26 Castle Age
14:29 Horse Collar
16:38 Wheelbarrow
17:45 Bow Saw
17:37 Heavy Plow
17:49 Gold Mining
22:14 Loom
22:15 Town Watch
23:09 Hand Cart
24:56 Town Patrol
27:02 Gold Shaft Mining
29:50 Imperial Age
30:15 Fletching
30:50 Ballistics
31:02 Stone Mining
31:41 Caravan
34:07 Two-Man Saw
33:44 Stone Shaft Mining
34:18 Chemistry
33:24 Siege Engineers
38:57 Bodkin Arrow
39:08 Scale Barding Armor
39:14 Forging
39:05 Padded Archer Armor
39:06 Scale Mail Armor
39:30 Bloodlines
39:20 Husbandry
38:40 Heavy Camel Rider
39:20 Husbandry
39:31 Bloodlines
39:21 Husbandry
39:32 Bloodlines
40:21 Bracer
40:47 Conscription
40:32 Grand Trunk Road
40:33 Shatagni
40:42 Imperial Camel Rider
43:14 Chain Barding Armor
43:30 Iron Casting
44:20 Chain Mail Armor
44:21 Leather Archer Armor
46:04 Plate Barding Armor
46:31 Blast Furnace
49:19 Thumb Ring
48:36 Elite Skirmisher
48:36 Heavy Cavalry Archer
49:48 Ring Archer Armor
MLT | Bombad Gastald
0:39 Loom
12:49 Feudal Age
16:39 Castle Age
15:13 Double-Bit Axe
22:36 Scale Mail Armor
22:46 Forging
24:16 Chain Mail Armor
25:18 Bow Saw
24:51 Horse Collar
25:31 Squires
34:39 Heavy Plow
38:25 Wheelbarrow
38:51 Gold Mining
42:26 Iron Casting
42:48 Anarchy
45:30 Imperial Age
47:02 Coinage
46:43 Guilds
46:58 Conscription
45:59 Elite Huskarl
46:39 Perfusion
46:31 Pikeman
47:26 Halberdier
48:32 Man-at-Arms
49:33 Capped Ram
Sulpog
11:02 Feudal Age
15:15 Castle Age
13:22 Double-Bit Axe
16:21 Bow Saw
16:04 Horse Collar
18:06 Chemistry
20:58 Heavy Plow
29:35 Imperial Age
28:44 Wheelbarrow
27:56 Loom
29:37 Man-at-Arms
30:21 Long Swordsman
31:23 Forging
31:13 Scale Mail Armor
31:22 Scale Barding Armor
31:16 Two-Handed Swordsman
32:48 Iron Casting
33:56 Fortified Wall
33:28 Champion
34:59 Siege Engineers
36:36 Blast Furnace
35:51 Chain Mail Armor
36:17 Chain Mail Armor
38:47 Plate Mail Armor
39:20 Fletching
39:31 Padded Archer Armor
39:16 Elite Skirmisher
40:31 Bodkin Arrow
41:24 Ballistics
41:21 Leather Archer Armor
Teutanik
8:46 Loom
13:31 Feudal Age
17:05 Horse Collar
17:17 Double-Bit Axe
17:00 Man-at-Arms
17:52 Long Swordsman
20:58 Forging
29:25 Castle Age
29:48 Scale Mail Armor
31:45 Two-Handed Swordsman
34:37 Champion
37:37 Wheelbarrow
39:46 Heavy Plow
40:03 Fletching
40:21 Scale Barding Armor
40:36 Bloodlines
41:26 Bodkin Arrow
43:46 Husbandry
jNad21
13:17 Feudal Age
14:59 Loom
18:56 Castle Age
18:32 Double-Bit Axe
18:54 Horse Collar
26:26 Padded Archer Armor
35:22 Leather Archer Armor
42:40 Imperial Age
43:35 Elite Conquistador
Cheriten
3:23 Loom
11:28 Feudal Age
16:36 Castle Age
15:32 Double-Bit Axe
15:29 Horse Collar
19:47 Wheelbarrow
23:17 Husbandry
23:28 Bloodlines
26:10 Scale Barding Armor
27:48 Heavy Plow
30:44 Forging
32:56 Iron Casting
32:55 Hand Cart
32:53 Town Watch
33:22 Bow Saw
36:03 Chain Barding Armor
40:55 Imperial Age
38:44 Fletching
39:16 Ballistics
39:27 Chatras
39:22 Elite Skirmisher
40:08 Thumb Ring
40:05 Padded Archer Armor
40:34 Bodkin Arrow
42:05 Leather Archer Armor
41:58 Elite Battle Elephant
48:12 Two-Man Saw
47:43 Crop Rotation
47:49 Bracer
47:35 Imperial Skirmisher
49:34 Ring Archer Armor
49:40 Plate Barding Armor
Connection lost

Rejoining the realm…

Still unreachable

The connection could not be restored.

Session expired

The server has moved on; the page needs a fresh start.